 Dungeon Crawl Stone Soup version 0.31-a0-177-g4aa6249778 (webtiles) character file.

Game seed: 11083873040063613057

63 qw the Chopper (level 4, 0/28 HPs)
             Began as a Gargoyle Fighter on June 18, 2023.
             Slain by a gnoll
             ... wielding a +0 spear
              (4 damage)
             ... on level 3 of the Dungeon.
             The game lasted 00:00:51 (2075 turns).

qw the Chopper (Gargoyle Fighter)                   Turns: 2075, Time: 00:00:52

Health: 0/28       AC: 12    Str: 21    XL:     4   Next: 9%
Magic:  4/4        EV:  7    Int:  9    God:
Gold:   138        SH:  4    Dex:  9    Spells: 3/3 levels left

rFire   . . .        Y - +0 war axe
rCold   . . .        c - +0 buckler
rNeg    + . .        f - +0 chain mail
rPois   inf          (no helmet)
rElec   +            (no cloak)
rCorr   .            (no gloves)
SInv    .            (no boots)
Will    .....        (no amulet) Stlth
                     (no ring)
HPRegen 0.24/turn    (no ring)
MPRegen 0.09/turn

%: no passive effects
@: about to teleport
A: sickness immunity, AC +3, negative energy resistance 1, electricity
resistance, torment resistance 1, petrification resistance
a: no special abilities


You were on level 3 of the Dungeon.
You visited 1 branch of the dungeon, and saw 3 of its levels.

You collected 138 gold pieces.


Innate Abilities, Weirdness & Mutations

You are immune to sickness and miasma.
Your stone body is resilient. (AC +3)
You are immune to poison.
You resist negative energy. (rN+)
You are resistant to electric shocks. (rElec)
You are resistant to unholy torment.
You are immune to petrification.


   Skills:
 - Level 3.2 Fighting
 + Level 3.9 Axes
 - Level 3.2 Armour
 - Level 3.2 Shields


You had 3 spell levels left.
You didn't know any spells.
Your spell library was empty.

Inventory:

Hand Weapons
 k - a +0 mace
 Y - a +0 war axe (weapon)
Armour
 c - a +0 buckler (worn)
 f - a +0 chain mail (worn)
Scrolls
 g - a scroll of teleportation
Potions
 d - a potion of might
 h - 2 potions of curing

Dungeon Overview and Level Annotations

Branches:
Dungeon (3/15)

Altars:
Trog


Message History

Done exploring.
2034 ||| READING scroll labelled CETZUET PIQOV.
As you read the scroll labelled CETZUET PIQOV, it crumbles to dust.
Magic quickly surges around you.
It was a scroll of vulnerability.
Done exploring.
(D) Dungeon
Where to? (* - list waypoints, Enter - D:2, ? - help)
What level of the Dungeon? (default 1, ? - help)
You see here a +0 dagger.
There is a stone staircase leading down here.
You climb downwards.
The gnoll shouts!
You hear a shout! x2
There is a stone staircase leading up here.
A gnoll is nearby!
Waypoint 2 assigned to D:3.
2068 ||| Stepping ~*~*~tactically~*~*~ (hiding).
A gnoll comes into view. It is wielding a +0 spear.
A gnoll comes into view. It is wielding a +0 flail.
The gnoll shouts!
The gnoll hits you from afar with a +0 spear.
You barely miss the gnoll. The gnoll barely misses you.
You hit the gnoll.
The gnoll is lightly wounded.
The gnoll hits you from afar with a +0 spear.
The gnoll hits you with a +0 flail!
You barely miss the gnoll.
The gnoll is lightly wounded.
The gnoll hits you but does no damage. x2
You closely miss the gnoll.
The gnoll is lightly wounded.
The gnoll hits you from afar with a +0 spear.
The gnoll hits you but does no damage. The gnoll barely misses you.
The gnoll hits you but does no damage. x2
2075 ||| READING 2 scrolls of teleportation.
As you read the scroll of teleportation, it crumbles to dust.
You feel strangely unstable.
You feel your willpower return.
The gnoll hits you from afar with a +0 spear.
You die...

###########
#.g<.......
#.##.######
#@# .# #g#
.# #g# .#
#.. g# ###
##


You could see 3 gnolls.

Vanquished Creatures
  2 adders (D:2)
  2 dart slugs (D:2)
  2 ball pythons (D:1)
  4 bats
  4 endoplasms
  2 giant cockroaches (D:1)
  3 goblins (D:1)
  4 hobgoblins
  4 quokkas (D:1)
  4 frilled lizards
  4 kobolds
  5 rats
40 creatures vanquished.

Notes
Turn   | Place    | Note
-------+----------+-------------------------------------------
     0 | D:1      | qw the Gargoyle Fighter began the quest for the Orb.
     0 | D:1      | Reached XP level 1. HP: 14/14 MP: 1/1
     0 | D:1      | 0 ||| qw: Version: 0.3-a-5-g6f28e65
     0 | D:1      | 0 ||| qw: Game counter: 633
     0 | D:1      | 0 ||| qw: Always use a shield: true
     0 | D:1      | 0 ||| qw: God list: Okawaru
     0 | D:1      | 0 ||| qw: Allow faded altars: false
     0 | D:1      | 0 ||| qw: Do Orc after D:15 true
     0 | D:1      | 0 ||| qw: Do second Lair branch before Depths: true
     0 | D:1      | 0 ||| qw: Lair rune preference: random
     0 | D:1      | 0 ||| qw: Plans: Normal, Zot:1-4, Slime:5, God:TSO, Crypt,
                  | Tomb, Abyss, Pan, Hells, Win
     0 | D:1      | 0 ||| PLANNING D:1-11
   229 | D:1      | Reached XP level 2. HP: 19/19 MP: 2/2
   583 | D:1      | 583 ||| DROPPING +0 club.
   591 | D:1      | Reached skill level 3 in Axes
   633 | D:1      | Reached XP level 3. HP: 22/23 MP: 3/3
  1132 | D:1      | 1132 ||| DROPPING +6 ring of intelligence.
  1133 | D:1      | 1133 ||| READING 2 scrolls labelled UKAEWOSMAESY.
  1134 | D:1      | 1134 ||| READING 3 scrolls labelled DYUNIR IPSO.
  1138 | D:1      | 1138 ||| READING scroll labelled VIUDADISYKK.
  1139 | D:1      | 1139 ||| DRINKING 2 white potions.
  1140 | D:1      | 1140 ||| DROPPING scroll of amnesia.
  1185 | D:2      | 1185 ||| Stepping ~*~*~tactically~*~*~ (hiding).
  1186 | D:2      | 1186 ||| Stepping ~*~*~tactically~*~*~ (hiding).
  1628 | D:2      | 1628 ||| Stepping ~*~*~tactically~*~*~ (hiding).
  1637 | D:2      | Reached XP level 4. HP: 28/28 MP: 4/4
  1766 | D:2      | 1766 ||| Stepping ~*~*~tactically~*~*~ (stealth).
  1770 | D:2      | 1770 ||| Stepping ~*~*~tactically~*~*~ (stealth).
  1891 | D:2      | Found a bloodstained altar of Trog.
  2022 | D:2      | 2022 ||| UPGRADING to +0 chain mail.
  2032 | D:2      | 2032 ||| DROPPING +0 scale mail.
  2033 | D:2      | 2033 ||| READING scroll labelled PAKYDI XUEVOWO.
  2034 | D:2      | 2034 ||| READING scroll labelled CETZUET PIQOV.
  2068 | D:3      | 2068 ||| Stepping ~*~*~tactically~*~*~ (hiding).
  2074 | D:3      | HP: 4/28 [gnoll/+0 spear (6)]
  2075 | D:3      | 2075 ||| READING 2 scrolls of teleportation.
  2075 | D:3      | Slain by a gnoll

Levels and vault maps discovered:
D:1:      sevenhm_arrival_forest_fort_large_4, layout_basic, nicolae_titane
D:2:      layout_loops_ring, basic_altar, serial_bayou, serial_bayou_lagoon_a,
          serial_bayou_shore_b, serial_bayou_pond_c, serial_bayou_crossing,
          kennysheep_generic_room_4
D:3:      cheibrodos_pilgrimage, layout_basic, mainiacjoe_overflow_alcove_4,
          serial_shops, shop, basic_ecumenical_altar, minmay_ogre_servants

Skill      XL: |  1  2 |
---------------+-------+-----
Axes           | 2 3 |  3.9
Fighting       | |  3.2
Armour         | |  3.2
Shields        | |  3.2

Action                     |  1- 3 |  4- 6 || total
---------------------------+-------+-------++-------
  Melee: War axe           |   130 |    10 ||   140
    Use: Scroll            |     3 |     3 ||     6
         Potion            |     1 |       ||     1
 Armour: Scale mail        |    62 |     1 ||    63
         Chain mail        |       |     5 ||     5
  Dodge: Dodged            |    63 |     4 ||    67
  Block: Buckler           |    21 |       ||    21

Table legend:
 A = Non-vault XP
 B = Vault XP
 C = Vault XP percentage of total XP
 D = Non-vault monster count
 E = Vault monster count
 F = Vault count percentage of total count
                 A         B        C        D         E       F
            +---------+---------+-------+---------+---------+-------
      Total |      87 |       3 |   3.3 |      38 |       2 |   5.0
            +---------+---------+-------+---------+---------+-------
        D:1 |      39 |       0 |   0.0 |      23 |       0 |   0.0
        D:2 |      48 |       3 |   5.9 |      15 |       2 |  11.8
            +---------+---------+-------+---------+---------+-------
